Map: Para Site LE

Players

Harstem

  • Race: Protoss Protoss
  • League: Master
  • Spawn Location: 11:00

demuLarva - Winner!

  • Race: Terran Terran
  • League: Grandmaster
  • Spawn Location: 5:00

VOD

Have the link to the VOD?

Description

Fast bio push

Time

  • Played on: Oct. 18, 2018, 6:34 a.m.
  • Length: 8:12
Show
View Real Time Build Order
Export as new Build Order

Harstem Protoss 

Build Orders: 1 Gate Expand, Oracle Opening 

Get SALT Encoding   

  12  0:00  Probe  
  13  0:13  Probe  
  14  0:17  Pylon  
  14  0:25  Probe  
  15  0:34  Probe  
  15  0:38  Gateway  
  15  0:42  Probe  
  17  0:51  Probe  
  17  0:52  Assimilator  
  18  1:03  Probe  
  19  1:15  Probe  
  20  1:24  Nexus  
  20  1:33  Cybernetics Core  
  20  1:37  Probe  
  21  1:43  Assimilator  
  21  1:50  Probe  
  21  1:53  Pylon  
  22  2:02  Probe, Adept  
  23  2:14  Probe  
  26  2:19  Stargate  
  26  2:26  Probe  
  26  2:27  Warp Gate  
  27  2:32  Probe  
  27  2:33  Adept  
  30  2:38  Probe  
  30  2:40  Probe  
  31  2:50  Probe x2  
  34  3:01  Oracle  
  34  3:02  Probe x2  
  36  3:09  Adept  
  40  3:14  Probe  
  40  3:17  Probe  
  42  3:23  Gateway  
  42  3:24  Gateway  
  42  3:26  Probe  
  43  3:28  Pylon, Oracle  
  44  3:40  Pylon  
  46  3:46  Probe x2  
  48  3:58  Probe x2, Assimilator  
  48  4:02  Assimilator  
  50  4:03  Forge  
  50  4:04  Pylon  
  50  4:10  Probe x2  
  50  4:14  Twilight Council  
  50  4:16  Pylon, Oracle  
  52  4:21  Blink  
  52  4:22  Probe x2  
  57  4:32  Pylon  
  57  4:35  Probe x2  
  59  4:45  Stalker  
  61  4:47  Probe x2  
  61  4:48  Shield Battery  
  61  4:51  Stalker  
  65  4:54  Protoss Ground Weapons Level 1  
  65  4:59  Probe  
  67  5:09  Stalker x2  
  71  5:17  Pylon  
  70  5:28  Sentry  
  72  5:31  Nexus  
  72  5:40  Stalker x2  
  72  5:41  Probe x2  
  75  5:47  Robotics Facility  
  75  5:53  Pylon, Probe  
  76  6:01  Sentry, Gateway  
  76  6:03  Sentry, Gateway  
  80  6:05  Pylon  
  80  6:11  Stalker, Probe  
  80  6:17  Gateway  
  80  6:18  Probe  
  84  6:23  Probe  
  85  6:26  Stalker, Shield Battery  
  85  6:28  Immortal  
  87  6:36  Probe  
  87  6:39  Robotics Bay  
  92  6:41  Probe  
  92  6:44  Probe  
  94  6:48  Probe  
  95  6:56  Stalker x3  
  93  7:16  Disruptor  
  97  7:22  Stalker x2  
  97  7:23  Stalker  
  97  7:27  Pylon  
  102  7:30  Pylon  
  102  7:31  Stalker x2  
  102  7:36  Stalker  
  104  7:43  Probe  
  87  7:47  Stalker x3  
  87  7:50  Probe  
  94  7:53  Shield Battery  
  94  7:54  Stalker x2  
  94  7:56  Shield Battery  
  92  8:04  Stalker  
  70  8:09  Stalker  
  70  8:10  Stalker x2  
Show
View Real Time Build Order
Export as new Build Order

demuLarva Terran - Winner!

Build Orders: Reaper Expand, MMM Bio 

Get SALT Encoding   

  12  0:00  SCV  
  13  0:13  SCV  
  14  0:17  Supply Depot  
  14  0:25  SCV  
  15  0:39  SCV  
  15  0:40  Barracks  
  16  0:43  Refinery  
  16  0:51  SCV  
  17  1:03  SCV  
  18  1:15  SCV  
  19  1:27  Orbital Command  
  19  1:28  Reaper  
  20  1:42  Command Center  
  20  1:50  Barracks  
  20  1:54  SCV  
  21  2:00  Barracks Reactor  
  21  2:04  Supply Depot  
  21  2:11  SCV  
  21  2:13  Refinery  
  22  2:24  SCV  
  22  2:28  Factory  
  23  2:36  SCV  
  24  2:38  Barracks Tech Lab  
  24  2:39  Marine  
  24  2:40  Marine  
  26  2:48  SCV  
  27  2:54  Orbital Command  
  27  3:00  SCV  
  27  3:04  Marine x2  
  30  3:08  Stimpack  
  30  3:11  Marine  
  30  3:12  SCV  
  31  3:17  Starport  
  31  3:19  SCV  
  32  3:22  Factory Reactor  
  32  3:25  Marine  
  32  3:26  SCV  
  34  3:29  Marine  
  34  3:32  Marine  
  34  3:34  SCV  
  37  3:39  SCV, Supply Depot  
  38  3:43  Marine  
  38  3:46  Marine, SCV  
  41  3:51  SCV  
  41  3:52  Marine  
  43  3:58  SCV  
  43  4:01  Marine  
  43  4:02  Supply Depot  
  45  4:03  SCV  
  45  4:05  Medivac  
  45  4:08  Marine  
  49  4:10  SCV  
  49  4:12  Marine  
  49  4:15  Engineering Bay, SCV  
  52  4:19  Marine  
  52  4:22  SCV  
  54  4:25  Marine  
  54  4:30  Marine, Medivac  
  54  4:31  SCV  
  59  4:34  SCV, Supply Depot  
  60  4:41  Marine  
  60  4:45  Terran Infantry Weapons Level 1  
  61  4:48  SCV, Missile Turret  
  61  4:49  Missile Turret  
  62  4:53  Supply Depot  
  62  4:55  Medivac, SCV  
  65  5:00  Marine x2  
  65  5:02  Barracks  
  65  5:03  SCV  
  65  5:05  Marine  
  69  5:07  SCV  
  69  5:09  Combat Shields  
  70  5:18  Marine x2  
  70  5:19  Factory Tech Lab  
  74  5:25  Refinery, Barracks x2  
  74  5:26  Marauder  
  72  5:40  Marine x2  
  72  5:43  SCV x2  
  72  5:48  Marauder  
  76  5:52  Supply Depot x2  
  76  5:53  Supply Depot  
  76  5:57  SCV x2  
  77  5:58  Marine x2, Medivac  
  77  6:01  Concussive Shells  
  77  6:02  Marauder  
  84  6:07  Medivac  
  84  6:10  Supply Depot  
  86  6:13  Marine x2  
  86  6:14  Marauder  
  86  6:17  Marine x2  
  92  6:23  Marauder  
  94  6:31  Marine  
  94  6:32  Marine, Medivac  
  94  6:35  Marine, Marauder  
  94  6:37  Medivac  
  101  6:40  Marine  
  101  6:44  Marauder  
  104  6:49  Marine x2  
  106  6:55  Marine  
  106  6:56  Marauder  
  106  6:59  Marine  
  109  7:06  Marine, Marauder  
  109  7:07  Marine  
  113  7:14  Marine  
  110  7:16  Medivac  
  110  7:17  Marine  
  110  7:18  Marauder, Command Center  
  114  7:24  Marine  
  114  7:27  Marauder  
  117  7:30  Marine  
  117  7:34  Marine  
  114  7:39  Marine, Marauder  
  105  7:45  Marine  
  105  7:47  SCV x2  
  105  7:48  Marine  
  105  7:49  Marauder  
  111  7:52  Armory  
Tags
 
Add a new tag
Caveats
  • Supply blocks, unpowered buildings, or Contaminate may cause inaccurate times.
  • Supply counts are checked every 10 seconds.